 Dungeon Sprint DCSS version 0.31-a0-691-g409c26aa35 (webtiles) character file.

Game seed: 18171082788473611624

274 sircluck the Ruffian (level 6, -3/102 HPs)
             Began as a Troll Berserker on Sept 6, 2023.
             Was an Elder of Trog.
             Slain by Crazy Yiuf
             ... wielding a +4 quarterstaff of chaos
              (19 damage)
             ... in the Dungeon (Sprint VII: "The Pits").
             The game lasted 00:00:23 (197 turns).

sircluck the Ruffian (Troll Berserker)               Turns: 197, Time: 00:00:24

Health: -3/102     AC:  4    Str: 28    XL:     6   Next: 3%
Magic:  5/5        EV: 11    Int:  3    God:    Trog [****..]
Gold:   0          SH:  0    Dex:  9    Spells: 5/5 levels left

rFire   . .          .
                       - Unarmed
rCold   . . .        (no shield)
rNeg    . . .        a - +0 animal skin
rPois   .            (helmet restricted)
rElec   .            (no cloak)
rCorr   .            (gloves unavailable)
SInv    .            (boots unavailable)
Will    .....        (no amulet) Stlth
                     (no ring)
HPRegen 1.17/turn    (no ring)
MPRegen 0.09/turn

%: no teleportation
@: berserking, very quick
A: large, unfitting armour, claws 3, regeneration 1, shaggy fur 1, tough skin 1
a: Renounce Religion, Berserk, Trog's Hand, Brothers in Arms


You were in the Dungeon.
You worshipped Trog.
Trog was greatly pleased with you.
You visited 1 branch

Inventory:

Armour
 a - a +0 animal skin (worn)
Scrolls
 g - a scroll of blinking
 i - 2 scrolls of vulnerability
 j - a scroll of butterflies
Potions
 b - 6 potions of curing
 c - 6 potions of heal wounds
 d - a potion of haste
 e - 4 potions of magic
 f - 3 potions of berserk rage
 h - 2 potions of invisibility


   Skills:
 + Level 6.6 Fighting
 + Level 6.5 Dodging
 + Level 7.8 Unarmed Combat


You had 5 spell levels left.
You didn't know any spells.
Your spell library was empty.

Dungeon Overview and Level Annotations

Branches:
Dungeon (1/1)

Altars:
Ashenzari
Cheibriados
Dithmenos
Elyvilon
Fedhas
Gozag
Hepliaklqana
Kikubaaqudgha
Makhleb
Nemelex Xobeh
Okawaru
Qazlal
Ru
Sif Muna
Trog
Uskayaw
Vehumet
Wu Jian
Xom
Yredelemnul
Zin
The Shining One
Jiyva
Lugonu

Annotations:
D Crazy Yiuf


Innate Abilities, Weirdness & Mutations

You are too large for most types of armour.
You have claws for hands.
Your natural rate of healing is unusually fast.
You are covered in fur. (AC +1)
You have tough skin. (AC +1)


Message History

Crazy Yiuf sings, "Trees, trees, trees, circus!"
The ice beast closely misses you.
You scratch the ice beast but do no damage.
Crazy Yiuf hits you with a +4 quarterstaff of chaos!
The ice beast hits you but does no damage.
You scratch the ice beast.
The ice beast is lightly wounded.
You claw the ice beast!
The ice beast is heavily wounded.
The ice beast hits you but does no damage.
Crazy Yiuf hits you with a +4 quarterstaff of chaos.
You claw the ice beast!
You kill the ice beast!
Trog accepts your kill.
Crazy Yiuf hits you with a +4 quarterstaff of chaos!
Crazy Yiuf freezes you.
Your Fighting skill increases to level 6!
Your Dodging skill increases to level 6!
Your Unarmed Combat skill increases to level 7!
You have reached level 5!
Unknown command.
You barely miss the wight. You scratch the wight but do no damage.
Crazy Yiuf hits you with a +4 quarterstaff of chaos!
The wight hits you with a +0 falchion!
* * * LOW HITPOINT WARNING * * *
You mangle the wight!!
You destroy the wight!
Trog accepts your kill.
You have reached level 6!
You feel stronger.
You barely miss Crazy Yiuf.
Crazy Yiuf hits you with a +4 quarterstaff of chaos!
* * * LOW HITPOINT WARNING * * *
You closely miss Crazy Yiuf. You closely miss Crazy Yiuf.
Crazy Yiuf closely misses you.
You scratch Crazy Yiuf.
Crazy Yiuf is moderately wounded.
Crazy Yiuf hits you with a +4 quarterstaff of chaos!!
You die...

#.#..#...#.#####'###
#.#.)#####.##.......
#.#..'...#†##.......
#.#..'...†.##.......
#.#..########...<...
#.#..'[))).##.......
#.#..#[))).##.......
#'###########.......
#.g@)...# ########
#.###...# #.# ..#
#.# .# #g. # #.. #5.
##


You could see Crazy Yiuf.

Vanquished Creatures
  An ice beast (D)
  A scorpion (D)
  2 wights (D)
  An ufetubus (D)
  An endoplasm (D)
  2 hobgoblins (D)
  4 jackals (D)
  A kobold (D)
  2 rats (D)
15 creatures vanquished.

Notes
Turn   | Place    | Note
-------+----------+-------------------------------------------
     0 | D        | sircluck the Troll Berserker began the quest for the Orb.
     0 | D        | Reached XP level 1. HP: 22/22 MP: 0/0
    37 | D        | Reached ** piety under Trog
    38 | D        | Reached XP level 2. HP: 27/31 MP: 1/1
    58 | D        | Reached skill level 4 in Unarmed Combat
    64 | D        | Reached *** piety under Trog
    74 | D        | Noticed a scorpion
    79 | D        | Killed a scorpion
    79 | D        | Reached **** piety under Trog
    80 | D        | Reached skill level 5 in Unarmed Combat
    80 | D        | Reached XP level 3. HP: 31/40 MP: 2/2
    80 | D        | Reached XP level 4. HP: 38/49 MP: 3/3
   151 | D        | Found a bloodstained altar of Trog.
   151 | D        | Found a shimmering blue altar of Sif Muna.
   151 | D        | Found a viscous altar of Jiyva.
   151 | D        | Found a hazy altar of Hepliaklqana.
   151 | D        | Found an opulent altar of Gozag.
   152 | D        | Found a glowing golden altar of the Shining One.
   152 | D        | Found a glowing silver altar of Zin.
   152 | D        | Found a basalt altar of Yredelemnul.
   152 | D        | Found a shimmering altar of Xom.
   152 | D        | Found an ornate altar of the Wu Jian Council.
   152 | D        | Found a sacrificial altar of Ru.
   152 | D        | Found a stormy altar of Qazlal.
   152 | D        | Found an iron altar of Okawaru.
   152 | D        | Found a sparkling altar of Nemelex Xobeh.
   152 | D        | Found a burning altar of Makhleb.
   152 | D        | Found a blossoming altar of Fedhas.
   152 | D        | Found a white marble altar of Elyvilon.
   152 | D        | Found a shadowy altar of Dithmenos.
   152 | D        | Found a snail-covered altar of Cheibriados.
   153 | D        | Found a radiant altar of Vehumet.
   153 | D        | Found a corrupted altar of Lugonu.
   154 | D        | Found a hide-covered altar of Uskayaw.
   154 | D        | Found an ancient bone altar of Kikubaaqudgha.
   154 | D        | Found a broken altar of Ashenzari.
   180 | D        | Noticed an ice beast
   180 | D        | Noticed Crazy Yiuf
   186 | D        | Reached skill level 5 in Fighting
   186 | D        | Reached skill level 5 in Dodging
   186 | D        | Reached skill level 6 in Unarmed Combat
   190 | D        | Killed an ice beast
   191 | D        | Reached skill level 7 in Unarmed Combat
   191 | D        | Reached XP level 5. HP: 41/59 MP: 4/4
   194 | D        | Reached XP level 6. HP: 27/68 MP: 5/5
   197 | D        | Slain by Crazy Yiuf

Illustrated notes

Levels and vault maps discovered:
D:        pitsprint [storerooms_1, entrance_room_1, metal_vault_4, armoury_3,
          mini_pit_1, grid_room_1, main_hall_1, silver_pit, the_coven_1,
          the_vestibule_1, steel_vault_3, golden_pit, hallway_of_sentries,
          crystal_vault_2, iron_vault_1, final_vault]

Skill      XL: |  1  2  3  4 |
---------------+-------------+-----
Fighting       | 3 4 6 |  6.6
Dodging        | 3 4 6 |  6.5
Unarmed Combat | 5 7 |  7.8

Action                     |  1- 3 |  4- 6 || total
---------------------------+-------+-------++-------
  Melee: Unarmed           |    26 |    15 ||    41
 Invoke: Berserk           |       |     1 ||     1
 Armour: Animal skin       |    25 |    10 ||    35
  Dodge: Dodged            |    16 |     2 ||    18

Table legend: (Time is in decaauts)
 A = Elapsed time spent in this place.
 B = Non-inter-level travel time spent in this place.
 C = Inter-level travel time spent in this place.
 D = Time resting spent in this place.
 E = Time spent auto-exploring this place.
 F = Levels seen in this place.
 G = Mean time per level.
                   A        B        C        D        E       F      G
               +--------+--------+--------+--------+--------+-----+--------+
         Total |    190 |    190 |      0 |      0 |    103 |   1 |  190.0 |
       Dungeon |    190 |    190 |      0 |      0 |    103 |   1 |  190.0 |
               +--------+--------+--------+--------+--------+-----+--------+

Top non-repeatable levels by time:
       D: 190 daAuts
